 Dungeon Crawl Stone Soup version 0.29.1-12-g30fa7ad0bf (webtiles) character file.

Game seed: 3327011175118660834

17239 cheesebisquit the Executioner (level 12, -6/150 HPs)
             Began as a Minotaur Berserker on Jan 8, 2023.
             Was a Believer of Trog.
             Mangled by a large slime creature (25 damage)
             ... on level 12 of the Dungeon.
             The game lasted 00:47:16 (12420 turns).

cheesebisquit the Executioner (Minotaur Berserker) Turns: 12420, Time: 00:47:16

Health: -6/150     AC: 19    Str: 26    XL:     12   Next: 17%
Magic:  11/11      EV:  9    Int:  4    God:    Trog [**....]
Gold:   645        SH:  0    Dex: 11    Spells: 11/11 levels left

rFire   . . .      SeeInvis +   L - +0 battleaxe
rCold   . . .      Faith    .   (shield currently unavailable)
rNeg    . . .      Spirit   .   h - +0 plate armour
rPois   +          Reflect  .   S - +1 hat
rElec   .          Harm     .   x - +2 cloak
rCorr   .          Rampage  .   (no gloves)
Will    .....                   F - +1 pair of boots
Stlth   ..........              N - amulet of the acrobat
HPRegen 0.35/turn               i - ring of poison resistance
MPRegen 0.12/turn               l - ring of see invisible

@: berserking, very quick
A: horns 2, retaliatory headbutt
a: Renounce Religion, Berserk, Trog's Hand


You were on level 12 of the Dungeon.
You worshipped Trog.
Trog was pleased with you.
You visited 1 branch of the dungeon, and saw 12 of its levels.
You also visited: Bailey.

You collected 645 gold pieces.

Inventory:

Hand Weapons
 a - a +2 hand axe of flaming
 b - a +0 dire flail
 B - the +8 hand axe of Extinguishment {antimagic, *Rage Will+ Int+4}
   (You found it on level 7 of the Dungeon)

   It reduces the magical energy of the wielder, and disrupts the spells and
   magical abilities of those it strikes.
   Natural abilities and divine invocations are not affected.
   Int:       It affects your intelligence (+4).
   *Rage:     It berserks you when you make melee attacks (+20% chance).
   Will:      It increases your willpower.
 L - a +0 battleaxe (weapon)
 P - a +2 vorpal broad axe
 U - a +0 sling of flaming
Missiles
 c - 103 stones (quivered)
 A - 10 curare-tipped darts
Armour
 h - a +0 plate armour (worn)
 x - a +2 cloak (worn)
 F - a +1 pair of boots (worn)
 M - a scarf of invisibility
 O - a +0 kite shield
 S - a +1 hat (worn)
Jewellery
 i - a ring of poison resistance (left hand)
 l - a ring of see invisible (right hand)
 H - a ring of willpower
 N - an amulet of the acrobat (around neck)
 R - a ring of protection from cold
Wands
 f - a wand of mindburst (22)
 n - a wand of flame (16)
 o - a wand of acid (14)
 r - a wand of roots (14)
 I - a wand of digging (11)
Scrolls
 m - a scroll of poison {unknown}
 s - 2 scrolls of immolation
 t - 2 scrolls of teleportation
 u - 4 scrolls of vulnerability
 v - a scroll of enchant weapon {unknown}
 C - a scroll of magic mapping
 D - a scroll of fear
 E - a scroll of butterflies {unknown}
 J - a scroll of summoning {unknown}
 K - a scroll of torment {unknown}
Potions
 d - 9 potions of curing
 e - 3 potions of flight
 g - a potion of resistance
 j - 4 potions of might
 k - 4 potions of heal wounds
 p - a potion of cancellation
 q - 4 potions of attraction
 z - a potion of haste
 G - 2 potions of lignification


   Skills:
 + Level 7.0 Fighting
 - Level 21.0 Axes
 + Level 6.4 Armour
 + Level 5.8 Dodging


You had 11 spell levels left.
You didn't know any spells.
Your spell library was empty.

Dungeon Overview and Level Annotations

Branches:
Dungeon (12/15)            Temple (0/1) D:4            Lair (0/5) D:10
    Orc (0/2) D:10         Bailey (visited)

Altars:
Cheibriados
Kikubaaqudgha
Makhleb
Okawaru
Wu Jian

Shops:
D:4 (

Portals:
Trove: D:11 (give +7 demon trident)

Annotations:
D:11 2 transporters


Innate Abilities, Weirdness & Mutations

You have a pair of horns on your head.
You reflexively headbutt those who attack you in melee.


Message History

The very large slime creature is heavily wounded.
You slice the large slime creature!! The very large slime creature hits you!
You slash the very large slime creature!
You headbutt the very large slime creature!
The very large slime creature is heavily wounded.
You slash the large slime creature!
The large slime creature hits you but does no damage.
The very large slime creature closely misses you.
You furiously retaliate!
You headbutt the very large slime creature.
You slash the very large slime creature!
You headbutt the very large slime creature!
The very large slime creature is severely wounded.
You barely miss the large slime creature.
The large slime creature hits you.
You slash the very large slime creature!
The very large slime creature is almost dead.
You slash the large slime creature!
You kill the large slime creature!
Trog accepts your kill.
A very large slime creature splits.
Your Fighting skill increases to level 7!
You barely miss the large slime creature.
The large slime creature is almost dead.
You hit the slime creature but do no damage.
The large slime creature hits you!!
You slash the large slime creature!
The large slime creature is almost dead.
You hit the slime creature.
The slime creature hits you but does no damage.
You slash the large slime creature!
The large slime creature is almost dead.
You hit the slime creature. The large slime creature hits you!
* * * LOW HITPOINT WARNING * * *
The slime creature hits you!
* * * LOW HITPOINT WARNING * * *
A red film seems to cover your vision as you go berserk!
You feel yourself moving faster!
You feel mighty! The large slime creature hits you!!
You die...

## .. ####.#
#JJ..# #@# #.#
#.# #...
.#######.#####
#..#
.............#..
#..#
########........
#..# #..##.###
#..# #..##.#
###..#
####..##.##


You could see a large slime creature and a slime creature.

Vanquished Creatures
  Gastronok (D:9)
  A hydra (D:12)
  4 two-headed ogres
  Sonja (D:10)
  An orc knight (Bailey)
  3 cyclopes (D:11)
  A manticore (D:11)
  Joseph (D:7)
  Maggie (D:9)
  Psyche (D:10)
  A gargoyle (D:11)
  A kobold demonologist (D:10)
  A troll (D:10)
  2 slime creatures (D:12)
  Sigmund (D:4)
  17 yaks
  A wraith (D:10)
  2 steam dragons
  Menkaure (D:5)
  An acid dragon (D:11)
  Duvessa (D:4)
  3 water moccasins
  2 sky beasts (D:6)
  3 ice beasts
  8 orc warriors
  2 ogres (D:6)
  2 black bears
  A wolf (D:10)
  2 phantoms
  6 centaurs
  2 kobold brigands
  A bullfrog (D:8)
  2 necrophages (D:5)
  3 scorpions
  3 gnoll sergeants
  8 wights
  Dowan (D:4)
  7 killer bees (D:9)
  An electric eel (D:10)
  A howler monkey (D:8)
  3 orc priests
  A gnoll bouda (D:9)
  10 hounds
  Crazy Yiuf (D:4)
  5 iguanas
  Jessica (D:3)
  Natasha (D:2)
  4 orc wizards
  Robin (D:2)
  20 gnolls
  5 adders
  2 shadow imps
  An ufetubus (D:6)
  3 worms
  2 dart slugs
  48 orcs
  6 ball pythons
  6 bats
  4 endoplasms
  8 giant cockroaches
  14 goblins
  7 hobgoblins
  3 quokkas
  A frilled lizard (D:2)
  15 kobolds
  3 rats (D:1)
277 creatures vanquished.

Vanquished Creatures (others)
  A human (D:4)
  A wolf (D:10)
  An orc (D:7)
  A fungus (D:4)
4 creatures vanquished.

Grand Total: 281 creatures vanquished

Notes
Turn   | Place    | Note
-------+----------+-------------------------------------------
     0 | D:1      | cheesebisquit the Minotaur Berserker began the quest for
                  | the Orb.
     0 | D:1      | Reached XP level 1. HP: 19/19 MP: 0/0
   357 | D:1      | Reached XP level 2. HP: 15/27 MP: 1/1
   493 | D:1      | Reached skill level 4 in Axes
   525 | D:1      | Found a faded altar of an unknown god.
  1073 | D:2      | Reached XP level 3. HP: 32/33 MP: 2/2
  1078 | D:2      | Reached skill level 5 in Axes
  1303 | D:2      | Noticed Robin
  1316 | D:2      | Killed Robin
  1317 | D:2      | Reached XP level 4. HP: 40/40 MP: 3/3
  1428 | D:2      | Reached ** piety under Trog
  1637 | D:2      | Reached skill level 6 in Axes
  1872 | D:2      | Noticed Natasha
  1880 | D:2      | Killed Natasha
  2092 | D:3      | Noticed Jessica
  2101 | D:3      | Killed Jessica
  2102 | D:3      | Reached XP level 5. HP: 35/46 MP: 4/4
  2225 | D:3      | Reached skill level 7 in Axes
  2254 | D:3      | Noticed an ice beast
  2266 | D:3      | Killed an ice beast
  2267 | D:3      | Reached XP level 6. HP: 47/52 MP: 5/5
  2361 | D:3      | Found a burning altar of Makhleb.
  2371 | D:3      | Reached skill level 8 in Axes
  2858 | D:4      | Found an ancient bone altar of Kikubaaqudgha.
  2862 | D:4      | Noticed a human
  2865 | D:4      | Killed a human
  2901 | D:4      | Reached skill level 9 in Axes
  2968 | D:4      | Found Uvoduw's Antique Weapon Shoppe.
  3059 | D:4      | Noticed Sigmund
  3076 | D:4      | Killed Sigmund
  3077 | D:4      | Reached XP level 7. HP: 58/58 MP: 6/6
  3359 | D:4      | Reached skill level 10 in Axes
  3567 | D:4      | Found a snail-covered altar of Cheibriados.
  3603 | D:4      | Noticed Dowan
  3604 | D:4      | Noticed Duvessa
  3621 | D:4      | Killed Duvessa
  3625 | D:4      | Killed Dowan
  3646 | D:4      | Found a staircase to the Ecumenical Temple.
  3710 | D:4      | Found a runed translucent door.
  3711 | D:4      | Noticed Crazy Yiuf
  3890 | D:4      | Killed Crazy Yiuf
  3937 | D:5      | Entered Level 5 of the Dungeon
  4022 | D:5      | Noticed Menkaure
  4029 | D:5      | Killed Menkaure
  4030 | D:5      | Reached skill level 11 in Axes
  4082 | D:5      | Reached XP level 8. HP: 66/66 MP: 7/7
  4115 | D:5      | Reached skill level 12 in Axes
  4735 | D:5      | Reached skill level 13 in Axes
  5587 | D:6      | HP: 3/66 [steam dragon/ball of steam (8)]
  5591 | D:6      | Reached skill level 14 in Axes
  5598 | D:6      | Reached XP level 9. HP: 29/71 MP: 8/8
  5938 | D:6      | Reached *** piety under Trog
  6118 | D:6      | Reached skill level 15 in Axes
  6673 | D:7      | Noticed Joseph
  6689 | D:7      | Killed Joseph
  6690 | D:7      | Reached skill level 16 in Axes
  6885 | D:7      | Identified the +8 hand axe of Extinguishment {antimagic,
                  | *Rage Will+ Int+4}
  7340 | D:8      | Reached XP level 10. HP: 78/78 MP: 3/9
  7343 | D:8      | Reached skill level 17 in Axes
  7775 | D:8      | Noticed a two-headed ogre
  7782 | D:8      | Killed a two-headed ogre
  7783 | D:8      | Reached skill level 18 in Axes
  8039 | D:9      | Noticed Maggie
  8057 | D:9      | Killed Maggie
  8298 | D:9      | Found an ornate altar of the Wu Jian Council.
  8376 | D:9      | Found a flagged portal.
  8387 | Bailey   | Entered a bailey
  8910 | Bailey   | Found the +9 heavy crossbow "Sniper" {vorpal, Acc+∞ SInv}
  8913 | Bailey   | Noticed an orc knight
  8927 | Bailey   | Killed an orc knight
  8928 | Bailey   | Reached skill level 19 in Axes
  8937 | Bailey   | Acquired a scarf of invisibility
  9125 | D:9      | Reached XP level 11. HP: 71/83 MP: 10/10
  9389 | D:9      | Noticed Gastronok
  9404 | D:9      | Killed Gastronok
  9405 | D:9      | Reached skill level 20 in Axes
  9803 | D:10     | Entered Level 10 of the Dungeon
  9896 | D:10     | Noticed Psyche
  9903 | D:10     | Killed Psyche
 10195 | D:10     | Found a staircase to the Lair.
 10462 | D:10     | Noticed a two-headed ogre
 10476 | D:10     | Killed a two-headed ogre
 10598 | D:10     | Found a staircase to the Orcish Mines.
 10663 | D:10     | Noticed Sonja
 10691 | D:10     | Killed Sonja
 10692 | D:10     | Reached skill level 21 in Axes
 10858 | D:10     | Noticed a two-headed ogre
 10871 | D:10     | Killed a two-headed ogre
 11185 | D:11     | Found an iron altar of Okawaru.
 11224 | D:11     | Noticed a two-headed ogre
 11232 | D:11     | Killed a two-headed ogre
 11233 | D:11     | Reached skill level 5 in Fighting
 11412 | D:11     | Reached skill level 5 in Armour
 11534 | D:11     | Noticed an ogre mage
 11548 | D:11     | Found a transporter.
 11553 | D:11     | Noticed a deep elf pyromancer
 11555 | D:11     | Noticed a two-headed ogre
 11568 | D:11     | Found a transporter.
 11572 | D:11     | Noticed a wizard
 11593 | D:11     | Reached skill level 5 in Dodging
 11768 | D:11     | Reached XP level 12. HP: 87/96 MP: 11/11
 12144 | D:11     | Found a portal to a secret trove of treasure.
 12256 | D:12     | Noticed an eight-headed hydra
 12263 | D:12     | Killed an eight-headed hydra
 12420 | D:12     | Mangled by a large slime creature

Illustrated notes

Levels and vault maps discovered:
D:1:      onia_arrival_handbag, layout_basic, chequers_ecumenical_altar_simple
D:2:      layout_basic, grunt_ministairs_3, uniq_natasha, uniq_robin
D:3:      layout_rooms, mainiacjoe_overflow_brackets, uniq_jessica
D:4:      layout_basic, tgw_kikubaaqudgha, marbit_many_paths,
          lemuel_temple_firewalk_b, serial_shops,
          nicolae_shop_overgrown_old_shop, uniq_duvessa, uniq_sigmund,
          uniq_crazy_yiuf_cottage
D:5:      cheibrodos_thug_alley, layout_loops_corners, amethyst_killhole,
          minmay_hedge_maze, uniq_menkaure
D:6:      layout_basic
D:7:      layout_basic, uniq_joseph
D:8:      layout_gridville
D:9:      layout_roguey, mainiacjoe_overflow_24_doors, enter_bailey_2,
          uniq_maggie, uniq_gastronok
D:10:     layout_basic, erik_lair_island, orc_0_dummy, uniq_psyche, uniq_sonja
D:11:     gammafunk_the_bubble [the_bubble_gammafunk_grid], layout_stronghold,
          nicolae_trove_entry_columns, okawaru_gym_becter
D:12:     layout_loops_ring, serial_shops, nicolae_shop_waterfront, uniq_nessos

Skill      XL: |  1  2  3  4  5  6  7  8  9 10 11 12 |
---------------+-------------------------------------+-----
Axes           | 4 5 6 7 9 11 14 16 19 21 | 21.0
Fighting       | 6 7 |  7.0
Armour         | 5 6 |  6.4
Dodging        | 5 |  5.8

Action                   |  1- 3 |  4- 6 |  7- 9 | 10-12 || total
-------------------------+-------+-------+-------+-------++-------
Melee: Hand axe          |    69 |   134 |   245 |    12 ||   460
       Headbutt          |    15 |    20 |    50 |    74 ||   159
       Punch             |     1 |       |       |       ||     1
       Battleaxe         |       |       |       |   338 ||   338
       Dire flail        |       |       |       |     3 ||     3
 Fire: Sling             |       |       |     9 |       ||     9
Invok: Berserk           |     2 |     3 |     9 |    19 ||    33
       Trog's Hand       |       |     2 |    12 |    21 ||    35
  Use: Scroll            |       |       |     9 |    10 ||    19
       Potion            |       |       |     2 |       ||     2
 Stab: Sleeping          |     2 |       |       |       ||     2
       Distracted        |     1 |       |       |     1 ||     2
Armor: Plate armour      |    31 |    73 |   136 |   179 ||   419
       Animal skin       |     1 |       |       |       ||     1
Dodge: Dodged            |    28 |    29 |    61 |   199 ||   317
Block: Buckler           |       |    19 |    17 |     1 ||    37
